 Dungeon Crawl Stone Soup version 0.18-a0-1468-gaf180a1 (console) character file.

229 Liam the Magician (level 5, -1/46 HPs)
             Began as a High Elf Wizard on Mar 1, 2016.
             Slain by Crazy Yiuf
             ... wielding a +4 quarterstaff of chaos
              (5 damage)
             ... on level 3 of the Dungeon.
             The game lasted 00:09:28 (4425 turns).

Liam the Magician (High Elf Wizard)                 Turns: 4425, Time: 00:09:28

Health: -1/46      AC: 22    Str:  5 (6)  XL:     5   Next: 71%
Magic:  4/13       EV:  2    Int: 22 (23) God:
Gold:   153        SH:  0    Dex: 17 (18) Spells: 6 memorised, 1 level left

rFire  . . .     SeeInvis .     (no weapon)
rCold  . . .     Gourm    .     (armour currently unavailable)
rNeg   + + +     Faith    .     (no shield)
rPois  +         Spirit   .     (helmet currently unavailable)
rElec  .         Dismiss  .     (cloak currently unavailable)
rCorr  .         Reflect  .     (gloves currently unavailable)
SustAt .         Harm     .     (boots currently unavailable)
MR     .....     NoTele   +     (no amulet)
Stlth  ++++......               (no ring)
                                (no ring)

@: agile, tree-form, very slightly contaminated, not resistant to hostile
enchantments, stealthy
A: no striking features
a: no special abilities


You were on level 3 of the Dungeon.
You were not hungry.
You were a tree.
You visited 1 branch of the dungeon, and saw 3 of its levels.

You collected 153 gold pieces.

Inventory:

Armour
 a - a +0 robe (melded)
 b - a +0 hat (melded)
 r - a +0 cloak (melded)
Scrolls
 e - a scroll of fear
 g - 2 scrolls of identify
 i - 4 scrolls of remove curse {unknown}
 j - 2 scrolls of immolation {unknown}
 l - a scroll of fog {unknown}
 n - a scroll of recharging {unknown}
 o - a scroll of amnesia {unknown}
 t - a scroll of random uselessness {unknown}
Books
 c - a book of Minor Magic

   Spells                             Type                      Level
   a - Magic Dart                     Conjuration                  1
   b - Blink                          Translocation                2
   c - Call Imp                       Summoning                    2
   d - Repel Missiles                 Charms/Air                   2
   e - Slow                           Hexes                        2
   f - Conjure Flame                  Conjuration/Fire             3
   g - Mephitic Cloud                 Conjuration/Poison/Air       3
Comestibles
 d - 4 bread rations


   Skills:
 - Level 2.1 Dodging
 - Level 2.1 Stealth
 + Level 5.1 Spellcasting
 + Level 3.8 Conjurations
 + Level 1.2 Charms
 - Level 0.8 Summonings
 + Level 1.7 Translocations
 + Level 0.6 Fire Magic
 * Level 1.6 Air Magic
 * Level 1.0 Poison Magic


You had one spell level left.
You knew the following spells:

 Your Spells              Type           Power        Failure   Level  Hunger
a - Magic Dart            Conj           ###.         1%          1    None
b - Blink                 Tloc           N/A          10%         2    None
c - Conjure Flame         Conj/Fire      ###.....     12%         3    ##.....
d - Mephitic Cloud        Conj/Pois/Air  ###.....     14%         3    ##.....
i - Call Imp              Summ           #.......     12%         2    None
m - Repel Missiles        Chrm/Air       ##....       10%         2    None


Dungeon Overview and Level Annotations

Branches:
Dungeon (3/15)

Altars:
Okawaru
Trog

Annotations:
D:3 Crazy Yiuf


Message History

Aiming: Mephitic Cloud
Press: ? - help, Shift-Dir - straight line You miscast Mephitic Cloud.
You feel faint for a moment.
Crazy Yiuf hits you with a quarterstaff of chaos.
* * * LOW HITPOINT WARNING * * *
Casting: Mephitic Cloud
Confirm with . or Enter, or press ? or * to list all spells.
Aiming: Mephitic Cloud
Press: ? - help, Shift-Dir - straight line The ball explodes into a vile cloud!
The stinking cloud engulfs Crazy Yiuf.
Crazy Yiuf barely misses you.
Casting: Mephitic Cloud
Confirm with . or Enter, or press ? or * to list all spells.
Aiming: Mephitic Cloud
Press: ? - help, Shift-Dir - straight line The ball explodes into a vile cloud!
The stinking cloud engulfs Crazy Yiuf.
Crazy Yiuf barely misses you. Crazy Yiuf hits you but does no damage.
Crazy Yiuf hits you with a quarterstaff of chaos.
You die...

#.####...### ##.####.#
#.##.......# #.....#.#
#.##.......######..##.#.#
#.##..........<.........#
#........#######......###
#.....§§§# #.####.#
#..#.##§.# #.####.#
#..#..#§g# #.##...#
##.......♣#######.##.#.#
##....#.#..#.....#......#
#....####..#.....#......#
#....# ##.#.....##.....#
♣....♣ #.#.....##..<..#
♣...♣♣ #.#.....##.....#
♣♣.♣♣ .>###.########(#
♣.♣♣ ### #.########.#
♣♣.♣ #####........#.#


You could see Crazy Yiuf.

Vanquished Creatures
  A crimson imp (D:3)
  Jessica (D:3)
  Robin (D:2)
  3 gnolls (D:3)
  2 adders (D:2)
  An ooze (D:1)
  A worm (D:3)
  5 dart slugs (D:1)
  3 giant geckos
  3 giant cockroaches
  12 goblins
  15 hobgoblins
  6 jackals
  5 quokkas (D:2)
  2 ball pythons
  11 bats
  A giant newt (D:1)
  8 kobolds
  8 rats
89 creatures vanquished.

Vanquished Creatures (others)
  2 plants (D:2)
2 creatures vanquished.

Grand Total: 91 creatures vanquished

Notes
Turn   | Place    | Note
--------------------------------------------------------------
     0 | D:1      | Liam the High Elf Wizard began the quest for the Orb.
     0 | D:1      | Reached XP level 1. HP: 11/11 MP: 6/6
   286 | D:1      | Reached XP level 2. HP: 15/17 MP: 1/7
   333 | D:1      | Reached skill level 4 in Spellcasting
   558 | D:1      | Learned a level 2 spell: Blink
   561 | D:1      | Learned a level 2 spell: Repel Missiles
   564 | D:1      | Learned a level 2 spell: Call Imp
   933 | D:1      | Reached XP level 3. HP: 21/21 MP: 7/9
  1313 | D:1      | Learned a level 3 spell: Mephitic Cloud
  1790 | D:2      | Found a bloodstained altar of Trog.
  1901 | D:2      | Reached XP level 4. HP: 18/27 MP: 7/11
  1952 | D:2      | Found a faded altar to an unknown god.
  2279 | D:2      | Noticed Robin
  2285 | D:2      | Killed Robin
  2285 | D:2      | Reached skill level 5 in Spellcasting
  2424 | D:2      | Learned a level 3 spell: Conjure Flame
  2743 | D:3      | Noticed Jessica
  2745 | D:3      | Killed Jessica
  2745 | D:3      | Reached XP level 5. HP: 31/31 MP: 10/13
  2777 | D:3      | Found an iron altar of Okawaru.
  2989 | D:3      | Reached skill level 1 in Charms
  2989 | D:3      | Reached skill level 1 in Air Magic
  3335 | D:3      | Noticed Crazy Yiuf
  4142 | D:3      | Reached skill level 1 in Poison Magic
  4413 | D:3      | HP: 2/46 [Crazy Yiuf/quarterstaff of chaos (4)]
  4425 | D:3      | Slain by Crazy Yiuf

Vault maps used:
D:1:      lightli_arrival_windingriver
D:2:      wad_woods_stonehenge, ecumenical_altar_2, uniq_robin
D:3:      nicolae_overflow_crystal_walls, first_bread, uniq_crazy_yiuf_cottage,
          uniq_jessica

Skill      XL: |  1  2  3  4  5 |
---------------+----------------+-----
Spellcasting   | 4 5 |  5.1
Conjurations   | 2 3 |  3.8
Charms         | 1 |  1.2
Air Magic      | 1 |  1.6
Poison Magic   | 1 |  1.0
Dodging        | |  2.1
Stealth        | |  2.1
Summonings     | |  0.8
Translocations | |  1.7
Fire Magic     | |  0.6

Action                   |  1- 3 |  4- 6 || total
-------------------------+-------+-------++-------
Melee: Unarmed           |    12 |     1 ||    13
 Cast: Magic Dart        |   127 |   122 ||   249
       Mephitic Cloud    |       |     4 ||     4
       Blink             |       |     2 ||     2
       Conjure Flame     |       |     1 ||     1
  Use: Potion            |       |     4 ||     4
       Scroll            |       |     3 ||     3
  Eat: Chunk             |     3 |     4 ||     7
       Meat ration       |       |     1 ||     1
       Beef jerky        |       |     1 ||     1
